 Dungeon Crawl Stone Soup version 0.17-a0-1882-g750edc8 (webtiles) character file.

86 DecibelRebel the Magician (level 4, -1/33 HPs)
             Began as a Draconian Wizard on Sept 22, 2015.
             Slain by an adder (3 damage)
             ... on level 4 of the Dungeon.
             The game lasted 00:11:54 (2650 turns).

DecibelRebel the Magician (Draconian Wizard)        Turns: 2650, Time: 00:11:54

Health: -1/33      AC:  6    Str: 10    XL:     4   Next: 26%
Magic:  3/9        EV: 12    Int: 19    God:
Gold:   146        SH:  0    Dex:  9    Spells: 4 memorised, 2 levels left

rFire  + . .     SeeInvis .     (no weapon)
rCold  x . .     Clarity  .     (armour unavailable)
rNeg   . . .     SustAt   .     (no shield)
rPois  .         Gourm    .     a - +0 hat
rElec  .         Spirit   .     (no cloak)
rCorr  .         Warding  .     (no gloves)
rMut   .         Stasis   .     h - +0 pair of boots
MR     .....                    (no amulet)
Stlth  ++........               (no ring)
                                j - ring of fire

@: very slightly contaminated, not resistant to hostile enchantments, unstealthy
A: unfitting armour, cold-blooded, AC +5
a: no special abilities


You were on level 4 of the Dungeon.
You were very hungry.

You visited 1 branch of the dungeon, and saw 4 of its levels.

You collected 146 gold pieces.

Inventory:

Armour
 a - a +0 hat (worn)
 h - a +0 pair of boots (worn)
Jewellery
 j - a ring of fire (left hand)
Scrolls
 d - 3 scrolls of identify {unknown}
 e - a scroll of noise {unknown}
 g - a scroll of magic mapping {unknown}
 i - a scroll of fear
 l - a scroll of blinking {unknown}
 r - a scroll of teleportation {unknown}
 s - a scroll of remove curse {unknown}
Potions
 f - a potion of invisibility {unknown}
 m - a potion of magic {unknown}
 n - 2 potions of curing {unknown}
 q - a potion of brilliance {unknown}
Books
 b - a book of Minor Magic

   Spells                             Type                      Level
   a - Magic Dart                     Conjuration                  1
   b - Blink                          Translocation                2
   c - Call Imp                       Summoning                    2
   d - Repel Missiles                 Charms/Air                   2
   e - Slow                           Hexes                        2
   f - Conjure Flame                  Conjuration/Fire             3
   g - Mephitic Cloud                 Conjuration/Poison/Air       3
Comestibles
 c - a bread ration
 o - a beef jerky
 p - 3 chunks of flesh


   Skills:
 - Level 2.0 Dodging
 - Level 1.9 Stealth
 - Level 0.4 Unarmed Combat
 + Level 3.8 Spellcasting
 * Level 2.9 Conjurations
 - Level 1.0 Summonings
 - Level 1.0 Translocations


You had 2 spell levels left.
You knew the following spells:

 Your Spells              Type           Power        Failure   Level  Hunger
a - Magic Dart            Conj           ##..         6%          1    None
b - Call Imp              Summ           #.......     17%         2    ##.....
c - Conjure Flame         Conj/Fire      ##......     28%         3    ###....
d - Blink                 Tloc           N/A          17%         2    ##.....


Dungeon Overview and Level Annotations

Branches:
Dungeon (4/15)
 Temple: D:4-7

Altars:
Cheibriados


Innate Abilities, Weirdness & Mutations

Your plain brown scales are hard (AC +5).
Your body does not fit into most forms of armour.
You are cold-blooded and may be slowed by cold attacks.


Message History

The orc closely misses you.
You hit the adder but do no damage.
The adder is moderately wounded.
The adder closely misses you. The orc hits you but does no damage.
The orc hits you but does no damage.
You closely miss the adder.
The adder is moderately wounded.
The adder closely misses you. The orc misses you.
The adder bites you but does no damage. The orc barely misses you.
You hit the adder.
Your tail-slap misses the adder.
The adder is heavily wounded.
The adder bites you.
* * * LOW HITPOINT WARNING * * *
The orc hits you but does no damage.
You closely miss the adder.
The adder is heavily wounded.
The orc hits you with a trident.
* * * LOW HITPOINT WARNING * * *
The adder bites you.
You die...

##.#. ..
##...##...
##.....#...
##.......#..
#.........#
#..>....#.#
######.o.....#.
#.....S@o......
#.######.#...#.
## ##


You could see an adder and 2 orcs.

Vanquished Creatures
  3 adders
  A worm (D:3)
  3 giant geckos
  5 ball pythons
  4 goblins
  4 hobgoblins
  10 kobolds
  5 bats
  3 giant newts
  3 jackals (D:2)
  6 rats
47 creatures vanquished.

Vanquished Creatures (collateral kills)
  A ball python (D:3)
  A giant cockroach (D:3)
  2 kobolds (D:3)
  A quokka (D:3)
  A goblin (D:3)
  A rat (D:3)
7 creatures vanquished.

Grand Total: 54 creatures vanquished

Notes
Turn   | Place    | Note
--------------------------------------------------------------
     0 | D:1      | DecibelRebel the Draconian Wizard began the quest for the Orb.
     0 | D:1      | Reached XP level 1. HP: 14/14 MP: 4/4
   744 | D:1      | Reached XP level 2. HP: 17/20 MP: 4/6
  1419 | D:2      | Learned a level 2 spell: Call Imp
  1556 | D:2      | Reached XP level 3. HP: 26/26 MP: 4/7
  1850 | D:2      | Learned a level 3 spell: Conjure Flame
  2258 | D:2      | Found a snail-covered altar of Cheibriados.
  2471 | D:3      | Reached XP level 4. HP: 33/33 MP: 1/9
  2492 | D:3      | Learned a level 2 spell: Blink
  2650 | D:4      | Slain by an adder

Vault maps used:
D:1:      shiori_arrival_oz, roderic_malta_cross, minmay_misc_feat_plants
D:2:      old_standard_altar
D:3:      portal_sewer_entry_f, uniq_robin, uniq_grinder, uniq_iyjb
D:4:      wad_crossroads, temple_green

Action                   |  1- 3 |  4- 6 || total
-------------------------+-------+-------++-------
Melee: Unarmed           |    68 |    40 ||   108
 Cast: Magic Dart        |    96 |    11 ||   107
       Call Imp          |     1 |     2 ||     3
  Use: Potion            |     1 |     1 ||     2
       Scroll            |     1 |       ||     1
  Eat: Chunk             |     4 |       ||     4
